 Dungeon Crawl Stone Soup version 0.22-b1-21-g5cfc1688f2 (webtiles) character file.

479 Kirk the Chopper (level 6, -5/44 HPs)
             Began as a Demonspawn Gladiator on Aug 5, 2018.
             Killed by divine providence
             ... invoked by an orc priest
              (11 damage)
             ... on level 5 of the Dungeon.
             The game lasted 00:06:00 (3027 turns).

Kirk the Chopper (Demonspawn Gladiator)             Turns: 3027, Time: 00:06:00

Health: -5/44      AC: 16    Str: 16    XL:     6   Next: 86%
Magic:  6/6        EV: 12    Int:  9    God:
Gold:   175        SH:  0    Dex: 15    Spells: 5/5 levels left

rFire    . . .     SeeInvis .   a - +1 war axe
rCold    . . .     Gourm    .   (no shield)
rNeg     . . .     Faith    .   o - +0 ring mail
rPois    .         Spirit   .   c - +1 helmet
rElec    .         Reflect  .   j - scarf {repulsion}
rCorr    .         Harm     .   (no gloves)
MR       .....                  (no boots)
Stlth    +.........             (no amulet)
HPRegen  0.14/turn              (no ring)
MPRegen  0.10/turn              (no ring)

@: sanguine armour, repel missiles
A: claws 1, demonic guardian 1, powered by pain 1, sanguine armour 2
a: no special abilities


You were on level 5 of the Dungeon.
You were not hungry.

You visited 1 branch of the dungeon, and saw 5 of its levels.

You collected 175 gold pieces.

Inventory:

Hand Weapons
 a - a +1 war axe (weapon)
Missiles
 d - 3 throwing nets (quivered)
Armour
 c - a +1 helmet (worn)
 j - a scarf of repulsion (worn)
 o - a +0 ring mail (worn)
Wands
 q - a wand of flame (20)
 u - a wand of scattershot (4)
 w - a wand of iceblast (12)
Scrolls
 g - 3 scrolls of fear
 k - 4 scrolls of remove curse
 m - 2 scrolls of teleportation {unknown}
 s - a scroll of magic mapping {unknown}
 t - a scroll of identify {unknown}
Potions
 b - a potion of flight {unknown}
 e - a potion of ambrosia {unknown}
 h - a potion of resistance {unknown}
 l - a potion of brilliance
 n - a potion of mutation {unknown}
 r - a potion of magic {unknown}
 v - a potion of heal wounds {unknown}
Comestibles
 f - 8 rations
 p - a chunk of flesh


   Skills:
 - Level 2.0 Fighting
 + Level 6.5 Axes
 - Level 1.7 Throwing
 + Level 2.6 Armour
 - Level 2.6 Dodging


You had 5 spell levels left.
You didn't know any spells.
Your spell library was empty.

Dungeon Overview and Level Annotations

Branches:
Dungeon (5/15)
 Temple: D:4-7

Altars:
Cheibriados
Sif Muna
Vehumet

Shops:
D:4 [


Innate Abilities, Weirdness & Mutations

You have sharp fingernails.
A weak demonic guardian rushes to your aid.
You sometimes gain a little power by taking damage.
When seriously injured, your bleeding wounds create thick armour. (AC +9)


Message History

You closely miss the orc priest.
The orc priest is severely wounded.
You barely miss the orc. You hit the orc. The orc misses you.
The orc priest hits you but does no damage.
The orc hits you but does no damage.
Unknown command.
You closely miss the orc priest.
The orc priest is severely wounded.
You completely miss the orc.
Your ring mail prevents you from hitting the orc.
The orc hits you but does no damage. The orc priest closely misses you.
You hear a distant slurping noise.
The orc hits you with a hand axe.
* * * LOW HITPOINT WARNING * * *
You hit the orc priest.
The orc priest is almost dead.
You hit the orc. You closely miss the orc. The orc hits you but does no damage.
The orc priest mumbles some strange prayers to Beogh against you.
Beogh smites you!
You die...

#............#
#............#
#..........[.# ###
#............# ....
#............####.# .....
#...)........'....#
.....=#............######
o.....'ooo#####'#...#
.o....##@## #.#.#.# .....
#5######.#.#.# ...$
#.........<..# ##.
#######.###### # .. #.


You could see an orc priest, 2 orcs and a friendly white imp.

Vanquished Creatures
  2 wights (D:4)
  A crimson imp (D:3)
  An orc priest (D:3)
  Crazy Yiuf (D:3)
  Jessica (D:3)
  Natasha (thrice) (D:2)
  A worker ant (D:5)
  2 gnolls (D:3)
  3 adders
  2 worms (D:4)
  3 dart slugs
  2 leopard geckos
  3 orcs (D:3)
  6 giant cockroaches
  13 goblins
  9 hobgoblins
  4 jackals (D:2)
  4 kobolds
  5 quokkas
  8 bats
  4 frilled lizards
  7 rats
85 creatures vanquished.

Vanquished Creatures (collateral kills)
  A wight (D:4)
  2 gnolls (D:3)
  A frilled lizard (D:3)
4 creatures vanquished.

Grand Total: 89 creatures vanquished

Notes
Turn   | Place    | Note
-------+----------+-------------------------------------------
     0 | D:1      | Kirk the Demonspawn Gladiator began the quest for the Orb.
     0 | D:1      | Reached XP level 1. HP: 16/16 MP: 1/1
    67 | D:1      | Reached skill level 3 in Axes
    74 | D:1      | Gained mutation: When seriously injured, your bleeding wounds create armour. (AC +9) [demonic ancestry]
    74 | D:1      | Reached XP level 2. HP: 16/22 MP: 2/2
   740 | D:2      | Found a snail-covered altar of Cheibriados.
   744 | D:2      | Gained mutation: You sometimes gain a little power by taking damage. [demonic ancestry]
   744 | D:2      | Reached XP level 3. HP: 27/27 MP: 3/3
   830 | D:2      | Noticed Natasha
   841 | D:2      | Killed Natasha
   841 | D:2      | Reached skill level 4 in Axes
   841 | D:2      | Reached skill level 1 in Armour
  1130 | D:2      | Gained mutation: A weak demonic guardian rushes to your aid. [demonic ancestry]
  1130 | D:2      | Reached XP level 4. HP: 33/33 MP: 4/4
  1233 | D:2      | Found a radiant altar of Vehumet.
  1299 | D:2      | Noticed Natasha
  1305 | D:2      | Killed Natasha
  1577 | D:2      | Noticed Natasha
  1585 | D:2      | Killed Natasha
  1613 | D:3      | Gained mutation: When seriously injured, your bleeding wounds create thick armour. (AC +9) [demonic ancestry]
  1613 | D:3      | Reached XP level 5. HP: 32/38 MP: 5/5
  1782 | D:3      | Reached skill level 5 in Axes
  2017 | D:3      | Noticed Jessica
  2023 | D:3      | Killed Jessica
  2165 | D:3      | Gained mutation: You have sharp fingernails. [demonic ancestry]
  2165 | D:3      | Reached XP level 6. HP: 13/44 MP: 6/6
  2180 | D:3      | Found a radiant altar of Vehumet.
  2238 | D:3      | Found a runed door.
  2381 | D:3      | Noticed Crazy Yiuf
  2389 | D:3      | Killed Crazy Yiuf
  2629 | D:4      | Found a deep blue altar of Sif Muna.
  2676 | D:4      | Found Duda Hekk's Armour Shop.
  2757 | D:4      | Reached skill level 6 in Axes
  2988 | D:5      | Entered Level 5 of the Dungeon
  3023 | D:5      | HP: 2/44 [orc priest/divine providence (12)]
  3027 | D:5      | Killed from afar by an orc priest

Skill      XL: |  1  2  3  4  5  6 |
---------------+-------------------+-----
Axes           | 3 4 5 6 |  6.5
Armour         | 1 2 |  2.6
Fighting       | |  2.0
Throwing       | |  1.7
Dodging        | |  2.6

Action                   |  1- 3 |  4- 6 || total
-------------------------+-------+-------++-------
Melee: War axe           |   101 |   143 ||   244
Throw: Throwing net      |     2 |       ||     2
  Use: Scroll            |     2 |     3 ||     5
       Potion            |       |     3 ||     3
 Stab: Sleeping          |     1 |       ||     1
       Distracted        |       |     1 ||     1
  Eat: Chunk             |     1 |     6 ||     7
Armor: Leather armour    |    27 |       ||    27
       Ring mail         |    14 |    62 ||    76
Dodge: Dodged            |    79 |    85 ||   164
       Deflected         |       |     1 ||     1
